 Dungeon Crawl Stone Soup version 0.27.1-33-g824d729ab1 (webtiles) character file.

Game seed: 7863003857986116964

207 pkoi the Conjurer (level 5, 0/38 HPs)
             Began as a Draconian Hedge Wizard on Nov 30, 2021.
             Shot with an arrow by a centaur (8 damage)
             ... on level 4 of the Dungeon.
             The game lasted 00:07:43 (5411 turns).

pkoi the Conjurer (Draconian Hedge Wizard)          Turns: 5411, Time: 00:07:43

Health: 0/38       AC:  6    Str: 12    XL:     5   Next: 54%
Magic:  15/18      EV: 12    Int: 15    God:
Gold:   141        SH:  0    Dex: 11    Spells: 2/10 levels left

rFire    . . .     SeeInvis .   i - +2 dagger (freeze)
rCold    . . .     Faith    .   (no shield)
rNeg     . . .     Spirit   .   (armour unavailable)
rPois    .         Reflect  .   b - +0 hat
rElec    .         Harm     .   (no cloak)
rCorr    .         Rampage  .   f - +0 pair of gloves
Will     .....                  (no boots)
Stlth    ++........             (no amulet)
HPRegen  0.12/turn              k - ring of magical power
MPRegen  0.16/turn              (no ring)

@: no status effects
A: AC +5, unfitting armour, cold-blooded
a: no special abilities


You were on level 4 of the Dungeon.
You visited 1 branch of the dungeon, and saw 4 of its levels.

You collected 141 gold pieces.

Inventory:

Hand Weapons
 a - a +0 vorpal dagger
 i - a +2 dagger of freezing (weapon)
Missiles
 l - 5 poisoned darts
Armour
 b - a +0 hat (worn)
 f - a +0 pair of gloves (worn)
Jewellery
 k - a ring of magical power (left hand)
Scrolls
 e - a scroll of teleportation
 h - 4 scrolls of identify
 m - a scroll of amnesia
Potions
 c - 3 potions of haste {unknown}
 d - 3 potions of brilliance {unknown}
 g - a potion of attraction {unknown}
 j - 2 potions of lignification {unknown}


   Skills:
 - Level 1.7 Dodging
 - Level 1.7 Stealth
 - Level 3.0 Spellcasting
 + Level 4.0 Conjurations
 + Level 3.4 Summonings
 - Level 2.0 Translocations


You had 2 spell levels left.
You knew the following spells:

 Your Spells              Type           Power      Damage    Failure   Level
a - Magic Dart            Conj           56%        1d5       3%          1
b - Call Imp              Summ           12%        N/A       8%          2
c - Blink                 Tloc           N/A        N/A       13%         2
d - Conjure Flame         Conj/Fire      8%         6-21      26%         3

Your spell library contained the following spells:

 Spells                   Type           Power      Damage    Failure   Level
 Slow                     Hex            2%         N/A       30%         2
 Mephitic Cloud           Conj/Pois/Air  6%         N/A       34%         3


Dungeon Overview and Level Annotations

Branches:
Dungeon (4/15)
 Temple: D:4-7

Altars:
Fedhas
Uskayaw

Shops:
D:1 (

Annotations:
D:2 Sigmund


Innate Abilities, Weirdness & Mutations

Your plain brown scales are hard. (AC +5)
You cannot fit into any form of body armour.
You are cold-blooded and may be slowed by cold attacks.


Message History

You see here a ball python skeleton.
You see here a quokka skeleton.
Items here: )) [ รท.
Things that are here:
a +0 whip; an orc skeleton A gnoll sergeant comes into view.
It is wielding a +0 rapier and wearing a +0 scale mail of cold resistance.
A gnoll sergeant is nearby!
The magic dart hits the gnoll sergeant.
The gnoll sergeant is lightly wounded.
The magic dart hits the gnoll sergeant but does no damage.
The gnoll sergeant is lightly wounded.
The magic dart hits the gnoll sergeant but does no damage.
The gnoll sergeant is lightly wounded.
Casting: Magic Dart (safe; 3% risk of failure)
Confirm with . or Enter, or press ? or * to list all spells.
You blink.
The gnoll sergeant hits you with a +0 rapier.
Casting: Blink (safe; 13% risk of failure)
Confirm with . or Enter, or press ? or * to list all spells.
Okay, then.
Unknown command.
You hit the gnoll sergeant but do no damage.
The gnoll sergeant is lightly wounded.
The gnoll sergeant hits you with a +0 rapier!
You closely miss the gnoll sergeant.
The gnoll sergeant is lightly wounded.
The gnoll sergeant hits you with a +0 rapier!
* * * LOW HITPOINT WARNING * * *
You hit the gnoll sergeant.
The gnoll sergeant is lightly wounded.
The gnoll sergeant hits you but does no damage.
You hit the gnoll sergeant.
The gnoll sergeant is moderately wounded.
The gnoll sergeant hits you with a +0 rapier!
* * * LOW HITPOINT WARNING * * *
Found a stone staircase leading down.
The centaur shouts!
The centaur wields a +0 shortbow.
The centaur shoots an arrow.
The arrow hits you!
You die...

.# #.########
#.#.#....# .#
#)#......#
#.#.####.# .#
#.#.#..#.# # #.#.#
#.# .# #.#......#
.g #.#.# #.# .#
#.#......#.#J# #.#
#.# .#
#.#.#..#.'.... #.#
####.# .#
#....g.g.#######.#
#....# .#
#.########.......#
#.###### .#
#...J..c..@.g#####
#.####.. .#
####.#########
#....... .#
######.# .# #...
####


You could see a gnoll sergeant, a centaur and an endoplasm (wandering).

Vanquished Creatures
  Jessica (D:3)
  2 gnolls (D:4)
  2 adders
  A white imp (D:3)
  4 dart slugs
  8 orcs
  6 ball pythons
  6 endoplasms
  A giant cockroach (D:2)
  4 goblins
  8 hobgoblins
  3 jackals (D:1)
  3 quokkas
  4 bats
  8 frilled lizards
  5 kobolds
  A rat (D:3)
  A spectral hobgoblin (D:1)
68 creatures vanquished.

Vanquished Creatures (collateral kills)
  An orc priest (D:2)
  3 gnolls
  4 orcs (D:3)
8 creatures vanquished.

Grand Total: 76 creatures vanquished

Notes
Turn   | Place    | Note
-------+----------+-------------------------------------------
     0 | D:1      | pkoi the Draconian Hedge Wizard began the quest for the
                  | Orb.
     0 | D:1      | Reached XP level 1. HP: 14/14 MP: 4/4
   223 | D:1      | Reached skill level 2 in Conjurations
   239 | D:1      | Reached XP level 2. HP: 5/20 MP: 4/6
   691 | D:1      | Learned a level 2 spell: Call Imp
   694 | D:1      | Learned a level 2 spell: Blink
   972 | D:1      | Found a faded altar of an unknown god.
  1241 | D:1      | Found Lezxux's Weapon Emporium.
  1758 | D:2      | Noticed Sigmund
  1802 | D:2      | Reached XP level 3. HP: 8/26 MP: 4/7
  2635 | D:2      | Found a blossoming altar of Fedhas.
  3400 | D:3      | Reached XP level 4. HP: 33/33 MP: 4/8
  3693 | D:2      | Reached skill level 3 in Conjurations
  4225 | D:3      | Noticed Jessica
  4239 | D:3      | Killed Jessica
  4240 | D:3      | Reached XP level 5. HP: 30/38 MP: 4/9
  4378 | D:3      | Found a hide-covered altar of Uskayaw.
  4793 | D:4      | Learned a level 3 spell: Conjure Flame
  4902 | D:4      | Noticed a centaur
  4906 | D:4      | Noticed a water moccasin
  5156 | D:4      | Reached skill level 4 in Conjurations
  5411 | D:4      | Shot with an arrow by a centaur

Illustrated notes

Levels and vault maps discovered:
D:1:      dpeg_arrival_shrine, layout_loops_ring, serial_shops, shop,
          dreamdust_ecumenical_altar_drowned_temple, minmay_lizard_pond
D:2:      layout_loops_cross, basic_altar, uniq_sigmund
D:3:      layout_rooms, lemuel_tele_altar, grunt_decor_junction, hex_tiny,
          minmay_misc_feat_square, uniq_jessica
D:4:      minmay_clustersquares, layout_basic

Skill      XL: |  1  2  3  4  5 |
---------------+----------------+-----
Conjurations   | 2 3 4 |  4.0
Translocations | 2 |  2.0
Summonings     | 2 3 |  3.4
Dodging        | |  1.7
Stealth        | |  1.7
Spellcasting   | |  3.0

Action                   |  1- 3 |  4- 6 || total
-------------------------+-------+-------++-------
Melee: Dagger            |    52 |    52 ||   104
       Tailslap          |     6 |     2 ||     8
 Cast: Magic Dart        |    99 |    63 ||   162
       Call Imp          |     2 |    10 ||    12
       Conjure Flame     |       |     1 ||     1
       Blink             |       |     1 ||     1
  Use: Scroll            |     5 |     2 ||     7
Armor: Skin              |    28 |    16 ||    44
Dodge: Dodged            |    62 |    25 ||    87
